 Dungeon Crawl Stone Soup version 0.20.0-15-g7f486f2 (webtiles) character file.

5019 Chiseanne the Fighter (level 10, -4/91 HPs)
             Began as a Minotaur Fighter on June 10, 2017.
             Was a Believer of Makhleb.
             Killed from afar by a raiju (8 damage)
             ... with a living lightning
             ... on level 1 of the Abyss.
             The game lasted 00:16:20 (6580 turns).

Chiseanne the Fighter (Minotaur Fighter)            Turns: 6580, Time: 00:16:21

Health: -4/91      AC: 12    Str: 21    XL:     10   Next: 30%
Magic:  13/13      EV: 10    Int:  8    God:    Makhleb [**....]
Gold:   500        SH: 15    Dex: 16    Spells: 9/9 levels left

rFire    . . .     SeeInvis .   a - +3 broad axe (flame)
rCold    . . .     Gourm    .   c - +0 shield
rNeg     . . .     Faith    .   b - +0 scale mail
rPois    .         Spirit   .   (helmet restricted)
rElec    .         Reflect  +   q - +0 cloak
rCorr    .         Harm     .   w - +1 pair of gloves {Dex+3}
MR       ++...                  (no boots)
Stlth    ..........             v - +3 amulet of reflection
Regen    0.3/turn               D - ring of the Mage {Wiz MR++ Int+3}
MPRegen  0.2/turn               (no ring)

@: no status effects
A: retaliatory headbutt, horns 2
a: Minor Destruction, Renounce Religion


You were on level 1 of the Abyss.
You worshipped Makhleb.
Makhleb was pleased with you.
You were not hungry.

You visited 2 branches of the dungeon, and saw 10 of its levels.
You visited the Abyss 1 time.

You collected 500 gold pieces.

Inventory:

Hand Weapons
 a - a +3 broad axe of flaming (weapon)
 d - a +2 flail of holy wrath
 p - a +0 blowgun
Missiles
 g - 168 stones
 k - 46 bolts
 m - 75 sling bullets
 o - 61 poisoned needles
 x - 10 tomahawks (quivered)
Armour
 b - a +0 scale mail (worn)
 c - a +0 shield (worn)
 q - a +0 cloak (worn)
 w - a +1 pair of gloves of dexterity (worn)
 y - the cursed +0 large shield of the Other Side {SInv}
   (You found it on level 6 of the Dungeon)

   It lets you see invisible.
   It has a curse placed upon it.
Jewellery
 u - a +1 ring of evasion {unknown}
 v - a +3 amulet of reflection (around neck)
 D - the ring of the Mage (left hand) {Wiz MR++ Int+3}
   (You found it on level 8 of the Dungeon)

   [ring of wizardry]

   It improves your spell success rate.
   It affects your intelligence (+3).
   It affects your resistance to hostile enchantments.
 F - a cursed amulet of inaccuracy {unknown}
Scrolls
 B - a scroll of magic mapping
 H - a scroll of fear
Potions
 i - a potion of mutation
 t - 4 potions of brilliance
Comestibles
 f - 3 bread rations
 h - 2 meat rations
 n - 5 royal jellies
 z - 4 fruits


   Skills:
 * Level 9.3 Fighting
 * Level 8.6 Axes
 * Level 8.8 Armour
 - Level 2.5 Dodging
 * Level 8.9 Shields
 * Level 6.0 Invocations


You had 9 spell levels left.
You didn't know any spells.

Dungeon Overview and Level Annotations

Branches:
Dungeon (9/15)             Temple (1/1) D:4            Lair (0/6) D:8
    Orc: D:9-12

Altars:
Cheibriados
Fedhas
Kikubaaqudgha
Makhleb
Nemelex Xobeh
Okawaru
Ru
Sif Muna
Uskayaw
Xom
Yredelemnul
Zin
The Shining One

Annotations:
D:9 Psyche


Innate Abilities, Weirdness & Mutations

You reflexively headbutt those who attack you in melee.
You have a pair of horns on your head.


Message History

* * * LOW HITPOINT WARNING * * *
You hit the raiju. You burn the raiju.
The raiju is lightly wounded.
The raiju barely misses you. You furiously retaliate!
You headbutt the raiju. You hit the raiju. You burn the raiju.
Your headbutt misses the raiju.
The raiju is moderately wounded.
The raiju bursts into living lightning!
The living lightning misses you.
The raiju blinks!
Throwing (i - inventory. (,) - cycle):
x - 11 tomahawks (quivered)
Press: ? - help, Shift-Dir - straight line, f - raiju
Aim: a raiju (moderately wounded)
You throw a tomahawk. The tomahawk barely misses the raiju.
You closely miss the raiju.
The raiju is moderately wounded.
You block the raiju's attack. x2
You hit the raiju. You burn the raiju.
The raiju is moderately wounded.
The raiju bursts into living lightning!
The living lightning hits you!
You die...

##. ..# #
###.#..#.#
#...#.#..#
#..### #.
.#.# #. .
# .# #.
.###.## .
###....#
#@h#.##
###(#..#
#.#. ..
..##.... #
#### . #.
.#. # ###


You could see a raiju.

Vanquished Creatures
  A thrashing horror (Abyss:1)
  Joseph (D:7)
  A komodo dragon (D:8)
  4 hippogriffs
  A shadow (Abyss:1)
  A wyvern (D:8)
  Eustachio (D:6)
  A hungry ghost (D:8)
  Edmund (D:6)
  A steam dragon (D:6)
  Menkaure (D:4)
  5 centaurs
  3 ogres
  4 bullfrogs
  A wyvern zombie (D:6)
  A small abomination (Abyss:1)
  A scorpion (D:8)
  A howler monkey (D:4)
  4 crimson imps
  A quasit (D:7)
  2 bullfrog zombies
  5 orc priests
  3 hounds
  An iguana (D:6)
  Terence (D:2)
  5 worker ants
  4 orc wizards
  A killer bee zombie (D:8)
  A hound skeleton (D:4)
  3 gnolls (D:3)
  11 adders
  A white imp (Abyss:1)
  An ooze (D:4)
  An adder skeleton (D:4)
  4 worms
  4 dart slugs (D:1)
  6 leopard geckos
  18 orcs
  4 ball pythons
  4 giant cockroaches
  9 goblins
  5 hobgoblins
  6 jackals
  3 quokkas
  6 bats
  8 kobolds
  A leopard gecko skeleton (D:6)
  2 quokka zombies
  6 rats
  A lurking horror (Abyss:1)
162 creatures vanquished.

Vanquished Creatures (others)
  An orc (D:6)
  A plant (D:8)
  9 starspawn tentacles (Abyss:1)
11 creatures vanquished.

Grand Total: 173 creatures vanquished

Notes
Turn   | Place    | Note
-------+----------+-------------------------------------------
     0 | D:1      | Chiseanne the Minotaur Fighter began the quest for the Orb.
     0 | D:1      | Reached XP level 1. HP: 19/19 MP: 0/0
    46 | D:1      | Reached XP level 2. HP: 27/27 MP: 1/1
   211 | D:1      | Reached skill level 1 in Dodging
   354 | D:1      | Reached skill level 4 in Fighting
   581 | D:1      | Reached XP level 3. HP: 33/33 MP: 2/2
   764 | D:2      | Noticed Terence
   777 | D:2      | Killed Terence
   854 | D:2      | Reached XP level 4. HP: 37/40 MP: 3/3
  1220 | D:3      | Reached XP level 5. HP: 43/47 MP: 4/4
  1664 | D:3      | Reached skill level 5 in Fighting
  2030 | D:4      | Found a staircase to the Ecumenical Temple.
  2043 | Temple   | Entered the Ecumenical Temple
  2098 | Temple   | Became a worshipper of Makhleb the Destroyer
  2136 | D:4      | Reached XP level 6. HP: 50/56 MP: 5/5
  2454 | D:4      | Noticed Menkaure
  2467 | D:4      | Killed Menkaure
  2467 | D:4      | Reached skill level 5 in Armour
  2467 | D:4      | Reached skill level 5 in Shields
  2467 | D:4      | Reached skill level 1 in Invocations
  2933 | D:4      | Reached XP level 7. HP: 62/62 MP: 5/7
  2977 | D:4      | Reached skill level 5 in Axes
  3216 | D:5      | Entered Level 5 of the Dungeon
  3222 | D:5      | Reached skill level 6 in Fighting
  3554 | D:5      | Got a pair of smoking gloves
  3558 | D:5      | Identified the cursed +0 pair of gloves of Absence {-Tele Str+6 Dex+3} (You found it on level 5 of the Dungeon)
  3706 | D:6      | Got a pitted large shield
  3716 | D:6      | Found a blossoming altar of Fedhas.
  3757 | D:6      | Noticed Edmund
  3774 | D:6      | Killed Edmund
  3774 | D:6      | Reached XP level 8. HP: 71/71 MP: 7/9
  3991 | D:6      | Reached * piety under Makhleb
  4195 | D:6      | Reached skill level 7 in Fighting
  4294 | D:6      | Noticed Eustachio
  4305 | D:6      | Killed Eustachio
  4307 | D:6      | Identified the cursed +0 large shield of the Other Side {SInv} (You found it on level 6 of the Dungeon)
  4824 | D:7      | Noticed Joseph
  4839 | D:7      | Killed Joseph
  4839 | D:7      | Reached XP level 9. HP: 75/81 MP: 11/11
  4874 | D:7      | Reached skill level 8 in Fighting
  5162 | D:8      | Identified a scroll of acquirement
  5439 | D:8      | Noticed Maurice
  5440 | D:8      | Noticed Maurice
  5440 | D:8      | Maurice changed into Maurice the wyvern
  5443 | D:8      | Killed Maurice the wyvern
  5540 | D:8      | Found a sacrificial altar of Ru.
  5600 | D:8      | Reached skill level 5 in Invocations
  5670 | D:8      | Found a staircase to the Lair.
  5670 | D:8      | Noticed a komodo dragon
  5675 | D:8      | Reached ** piety under Makhleb
  5693 | D:8      | Killed a komodo dragon
  6054 | D:8      | Reached skill level 9 in Fighting
  6054 | D:8      | Reached XP level 10. HP: 82/91 MP: 13/13
  6259 | D:9      | Noticed Psyche
  6266 | D:9      | Cast into level 1 of the Abyss (Psyche)
  6266 | Abyss:1  | Found a corrupted altar of Lugonu.
  6305 | Abyss:1  | Noticed a thrashing horror
  6321 | Abyss:1  | Killed a thrashing horror
  6474 | Abyss:1  | Noticed a starcursed mass
  6502 | Abyss:1  | Noticed a tentacled starspawn
  6504 | Abyss:1  | Noticed a starcursed mass
  6522 | Abyss:1  | Gained mutation: Your spells are a little easier to cast, but a little less powerful. [potion of mutation]
  6522 | Abyss:1  | Lost mutation: Your spells are a little easier to cast, but a little less powerful. [potion of mutation]
  6525 | Abyss:1  | Noticed a large abomination
  6569 | Abyss:1  | HP: 1/91 [raiju/living lightning (14)]
  6580 | Abyss:1  | Killed from afar by a raiju

Skill      XL: |  1  2  3  4  5  6  7  8  9 10 |
---------------+-------------------------------+-----
Dodging        | 1 2 |  2.5
Fighting       | 4 5 6 7 9 |  9.3
Armour         | 4 5 7 8 |  8.8
Axes           | 3 4 5 6 8 |  8.6
Shields        | 4 5 6 7 8 |  8.9
Invocations    | 1 2 4 5 6 |  6.0

Action                   |  1- 3 |  4- 6 |  7- 9 | 10-12 || total
-------------------------+-------+-------+-------+-------++-------
Melee: War axe           |    64 |    34 |    72 |       ||   170
       Headbutt          |    16 |    19 |    57 |     8 ||   100
       Whip              |    10 |    90 |       |       ||   100
       Flail             |       |    14 |       |       ||    14
       Broad axe         |       |       |   156 |    32 ||   188
 Fire: Blowgun           |       |       |     3 |     2 ||     5
Throw: Tomahawk          |       |       |       |     1 ||     1
Evoke: Wand              |       |       |     1 |       ||     1
  Use: Scroll            |     4 |     4 |     8 |     6 ||    22
       Potion            |       |       |     1 |     3 ||     4
  Eat: Chunk             |       |     7 |    10 |     2 ||    19
       Fruit             |       |       |     1 |       ||     1
Armor: Scale mail        |    35 |    51 |    98 |    11 ||   195
Dodge: Dodged            |    19 |    33 |    99 |    12 ||   163
Block: Shield            |    32 |    56 |   146 |    19 ||   253
       Reflection        |       |       |       |     1 ||     1
